 Dungeon Crawl Stone Soup version 0.27-a0-74-gebd156f8b4 (webtiles) character file.

Game seed: 14034556644174187754

4082 soberpl the Fighter (level 10, 0/95 HPs)
             Began as a Minotaur Hunter on Jan 8, 2021.
             Was a Believer of Trog.
             Slain by a komodo dragon (25 damage)
             ... on level 1 of the Lair of Beasts on Jan 11, 2021.
             The game lasted 01:11:52 (10876 turns).

soberpl the Fighter (Minotaur Hunter)              Turns: 10876, Time: 01:11:53

Health: 0/95       AC: 10    Str: 18    XL:     10   Next: 5%
Magic:  9/9        EV:  8    Int:  8    God:    Trog [**....]
Gold:   425        SH:  0    Dex: 13    Spells: 9/9 levels left

rFire    x . .     SeeInvis .   b - +1 battleaxe
rCold    + . .     Faith    .   (shield currently unavailable)
rNeg     . . .     Spirit   .   x - +0 chain mail
rPois    .         Reflect  .   (helmet restricted)
rElec    .         Harm     .   (no cloak)
rCorr    .         Rampage  .   (no gloves)
Will     .....                  (no boots)
Stlth    ..........             D - amulet of regeneration
HPRegen  0.65/turn              n - ring of ice
MPRegen  0.11/turn              (no ring)

@: no status effects
A: retaliatory headbutt, horns 2
a: Renounce Religion, Berserk, Trog's Hand


You were on level 1 of the Lair of Beasts.
You worshipped Trog.
Trog was pleased with you.
You visited 3 branches of the dungeon, and saw 11 of its levels.

You collected 425 gold pieces.

Inventory:

Hand Weapons
 a - a +0 longbow
 b - a +1 battleaxe (weapon)
 q - a +0 longbow
 t - a +0 war axe
 y - a +0 hand axe
Missiles
 d - 245 arrows
 g - 359 stones (quivered)
 k - 110 bolts
 u - 2 poisoned darts
Armour
 i - a +1 ring mail of willpower
 w - a +0 plate armour
 x - a +0 chain mail (worn)
Jewellery
 n - a ring of ice (left hand)
 D - an amulet of regeneration (around neck)
 I - an uncursed ring of magical power
Wands
 l - a wand of acid (10)
 p - a wand of digging (1)
 z - a wand of flame (21)
Scrolls
 e - a scroll of blinking {unknown}
 h - 5 scrolls of remove curse
 m - 7 scrolls of identify
 o - 3 scrolls of magic mapping
 r - 2 scrolls of enchant armour {unknown}
 v - 2 scrolls of immolation {unknown}
 A - 2 scrolls of teleportation {unknown}
 E - a scroll of fear
 H - a scroll of fog {unknown}
Potions
 c - a potion of berserk rage {unknown}
 f - a potion of curing
 j - 2 potions of lignification
 s - 3 potions of flight {unknown}
 B - a potion of haste {unknown}
 C - 2 potions of brilliance {unknown}
 F - 3 potions of mutation {unknown}
 G - a potion of heal wounds {unknown}


   Skills:
 + Level 11.1 Fighting
 + Level 6.3 Axes
 + Level 9.7 Bows
 + Level 6.7 Armour
 - Level 2.1 Dodging
 + Level 1.5 Stealth


You had 9 spell levels left.
You didn't know any spells.
Your spell library was empty.

Dungeon Overview and Level Annotations

Branches:
Dungeon (9/15)             Temple (1/1) D:6            Lair (1/6) D:9
    Orc: D:9-12

Altars:
Ashenzari
Cheibriados
Dithmenos
Elyvilon
Fedhas
Gozag
Hepliaklqana
Kikubaaqudgha
Makhleb
Nemelex Xobeh
Qazlal
Ru
Sif Muna
Trog
Uskayaw
Vehumet
Wu Jian
Xom
Yredelemnul
Zin
The Shining One

Shops:
D:9 }

Annotations:
D:8 2 transporters, Delamore's ghost, novice GrFi


Innate Abilities, Weirdness & Mutations

You reflexively headbutt those who attack you in melee.
You have a pair of horns on your head.


Message History

The komodo dragon is heavily wounded.
The komodo dragon bites you but does no damage. x2
You are too injured to fight recklessly!
You are too injured to fight recklessly!
You feel better. The komodo dragon bites you.
You are too injured to fight recklessly!
You hit the komodo dragon.
The komodo dragon is heavily wounded.
The komodo dragon barely misses you.
You hit the komodo dragon but do no damage.
The komodo dragon is heavily wounded.
The komodo dragon closely misses you.
You hit the komodo dragon.
The komodo dragon is heavily wounded.
The komodo dragon bites you! The komodo dragon bites you.
* * * LOW HITPOINT WARNING * * *
You hit the komodo dragon. Your headbutt misses the komodo dragon.
The komodo dragon is heavily wounded.
The komodo dragon bites you!!
You die...

...########
.........<#
..####.#.####
######.##.##
...........@#
#.#####....l.((....
###..........
#>#.#.####.
#.#.##.. #.#.# ..#
..... >. ..... ..#


You could see a komodo dragon.

Vanquished Creatures
  3 yaks (D:9)
  2 water moccasins
  2 black bears
  2 orc warriors (D:7)
  2 ice beasts
  3 sky beasts
  A phantom (D:7)
  An ogre (D:4)
  4 centaurs
  A big kobold (D:9)
  3 bullfrogs
  A wyvern zombie (D:8)
  3 scorpions
  A water moccasin skeleton (D:5)
  4 wights (D:7)
  3 howler monkeys
  A crimson imp (D:9)
  A quasit (D:9)
  8 orc wizards
  3 orc priests
  2 bullfrog skeletons
  2 bullfrog zombies
  5 hounds
  A centaur skeleton (D:5)
  5 iguanas
  7 worker ants
  3 hound skeletons
  3 gnolls (D:3)
  12 adders
  2 shadow imps (D:5)
  4 white imps
  An ufetubus (D:8)
  2 adder skeletons
  2 worms
  4 dart slugs
  4 leopard geckos
  24 orcs
  5 giant cockroaches
  6 goblins
  5 hobgoblins
  9 jackals
  6 quokkas
  A ball python (D:4)
  9 bats
  4 frilled lizards
  9 kobolds
  5 rats
191 creatures vanquished.

Vanquished Creatures (others)
  2 plants (D:5)
2 creatures vanquished.

Grand Total: 193 creatures vanquished

Notes
Turn   | Place    | Note
-------+----------+-------------------------------------------
     0 | D:1      | soberpl the Minotaur Hunter began the quest for the Orb.
     0 | D:1      | Reached XP level 1. HP: 18/18 MP: 0/0
    51 | D:1      | Reached XP level 2. HP: 25/25 MP: 1/1
    95 | D:1      | Reached skill level 5 in Bows
   202 | D:1      | Reached skill level 3 in Fighting
   327 | D:1      | Reached XP level 3. HP: 31/31 MP: 2/2
  1313 | D:2      | Reached skill level 4 in Fighting
  1313 | D:2      | Reached XP level 4. HP: 40/40 MP: 3/3
  2057 | D:3      | Reached XP level 5. HP: 41/47 MP: 4/4
  2068 | D:3      | Reached skill level 5 in Fighting
  2460 | D:3      | Found an opulent altar of Gozag.
  2507 | D:3      | Found a shadowy altar of Dithmenos.
  2520 | D:3      | Found a glowing silver altar of Zin.
  3096 | D:4      | Found a snail-covered altar of Cheibriados.
  3622 | D:4      | Reached skill level 6 in Fighting
  3697 | D:4      | Noticed an ogre
  3703 | D:4      | Killed an ogre
  3704 | D:4      | Reached XP level 6. HP: 57/58 MP: 5/5
  3838 | D:5      | Entered Level 5 of the Dungeon
  4261 | D:5      | Reached skill level 7 in Fighting
  4704 | D:5      | Found a blossoming altar of Fedhas.
  4713 | D:5      | Reached XP level 7. HP: 66/66 MP: 6/6
  4880 | D:5      | Reached skill level 8 in Fighting
  5063 | D:5      | Found a broken altar of Ashenzari.
  5467 | D:5      | Found a shimmering blue altar of Sif Muna.
  5911 | D:6      | Reached skill level 1 in Armour
  5918 | D:6      | Reached skill level 9 in Fighting
  6093 | D:6      | Reached XP level 8. HP: 70/78 MP: 7/7
  6345 | D:6      | Found a staircase to the Ecumenical Temple.
  6383 | Temple   | Entered the Ecumenical Temple
  6437 | Temple   | Became a worshipper of Trog the Wrathful
  6590 | D:6      | Found a hide-covered altar of Uskayaw.
  6670 | D:6      | Found a sparkling altar of Nemelex Xobeh.
  7362 | D:7      | Reached skill level 1 in Axes
  7861 | D:7      | Reached * piety under Trog
  8204 | D:7      | Reached skill level 10 in Fighting
  8308 | D:7      | Reached XP level 9. HP: 59/85 MP: 8/8
  8713 | D:8      | Found a broken altar of Ashenzari.
  8886 | D:8      | Reached skill level 5 in Armour
  8959 | D:8      | Found a transporter.
  8960 | D:8      | Noticed Delamore's ghost (novice GrFi)
  8983 | D:8      | Found a transporter.
  9041 | D:8      | Found a stormy altar of Qazlal.
  9069 | D:8      | Reached ** piety under Trog
  9272 | D:8      | Reached skill level 5 in Axes
  9913 | D:9      | Reached skill level 11 in Fighting
  9918 | D:9      | Found an ancient bone altar of Kikubaaqudgha.
  9932 | D:9      | Upgraded the game from 0.27-a0-58-g0ec5f8ab93 to
                  | 0.27-a0-67-g4bfc8a49e1
 10063 | D:9      | Found a burning altar of Makhleb.
 10068 | D:9      | Reached skill level 1 in Stealth
 10068 | D:9      | Found a radiant altar of Vehumet.
 10126 | D:9      | Found Surch's Gadget Shoppe.
 10130 | D:9      | Upgraded the game from 0.27-a0-67-g4bfc8a49e1 to
                  | 0.27-a0-74-gebd156f8b4
 10131 | D:9      | Found a staircase to the Lair.
 10346 | D:9      | Reached XP level 10. HP: 90/95 MP: 9/9
 10854 | Lair:1   | Entered Level 1 of the Lair of Beasts
 10876 | Lair:1   | Slain by a komodo dragon

Illustrated notes

Levels and vault maps discovered:
D:1:      tarquinn_simple_flora_water_e, layout_basic
D:2:      layout_basic
D:3:      layout_basic, pdpol_temple_overflow_zin_treasury_gozag_greed,
          overflow_temple_1_default
D:4:      layout_loops_ring, lemuel_doored_altar
D:5:      layout_cave_pools, fedhas_ov_isle_minmay, kennysheep_little_box,
          lemuel_round_altar
D:6:      layout_basic, marbit_many_paths, nemelex_xobeh_ov_fountains_minmay,
          minmay_temple_entry_arrows
D:7:      layout_layer_cave
D:8:      layout_cave_pods, grunt_qazlal_sundering, gammafunk_ghost_mausoleum,
          basic_altar
D:9:      layout_loops_corners, grunt_temple_overflow_lords_of_destruction,
          lemuel_crystal_altar, lair_entry_dummy, serial_shops, shop
Temple:   nicolae_temple_figure_zero
Lair:1:   beast_lair_carwin_large_1, layout_loops_ring,
          chequers_serial_rivers_micro_c, minmay_lair_oklob_items,
          kb_xom_exploding_sheep, lemuel_fruit_tree, grunt_megastairs_5

Skill      XL: |  1  2  3  4  5  6  7  8  9 |
---------------+----------------------------+-----
Bows           | 5 6 7 8 9 |  9.7
Fighting       | 3 4 6 7 9 10 11 | 11.1
Armour         | 1 4 6 |  6.7
Axes           | 3 6 |  6.3
Stealth        | 1 |  1.5
Dodging        | |  2.1

Action                   |  1- 3 |  4- 6 |  7- 9 | 10-12 || total
-------------------------+-------+-------+-------+-------++-------
Melee: Short sword       |    46 |    60 |       |       ||   106
       Headbutt          |     1 |    20 |    54 |     1 ||    76
       Spear             |       |     9 |       |       ||     9
       Hand axe          |       |    41 |   110 |       ||   151
       War axe           |       |       |    67 |       ||    67
       Battleaxe         |       |       |    74 |    10 ||    84
 Fire: Shortbow          |    52 |    60 |       |       ||   112
       Hand crossbow     |       |    22 |    29 |       ||    51
       Longbow           |       |       |   124 |     5 ||   129
Throw: Stone             |       |     1 |     2 |       ||     3
  Use: Scroll            |       |     7 |     1 |       ||     8
       Potion            |       |     5 |       |     1 ||     6
Armor: Ring mail         |    20 |    33 |    73 |       ||   126
       Leather armour    |     1 |       |       |       ||     1
       Chain mail        |       |       |    46 |     5 ||    51
Dodge: Dodged            |    38 |    70 |   158 |     8 ||   274

Table legend: (Time is in decaauts)
 A = Elapsed time spent in this place.
 B = Non-inter-level travel time spent in this place.
 C = Inter-level travel time spent in this place.
 D = Time resting spent in this place.
 E = Time spent auto-exploring this place.
 F = Levels seen in this place.
 G = Mean time per level.
                   A        B        C        D        E       F      G
               +--------+--------+--------+--------+--------+-----+--------+
         Total |  10969 |  10599 |    370 |   2241 |   5529 |  11 |  997.2 |
       Dungeon |  10813 |  10443 |    370 |   2241 |   5521 |   9 | 1201.4 |
        Temple |    130 |    130 |      0 |      0 |      0 |   1 |  130.0 |
          Lair |     24 |     24 |      0 |      0 |      8 |   1 |   24.0 |
               +--------+--------+--------+--------+--------+-----+--------+

Top non-repeatable levels by time:
     D:5: 1782 daAuts
     D:7: 1536 daAuts
     D:4: 1220 daAuts
     D:2: 1176 daAuts
     D:6: 1162 daAuts
     D:8: 1136 daAuts
     D:9: 1085 daAuts
     D:3: 982 daAuts
     D:1: 731 daAuts
  Temple: 130 daAuts
  Lair:1: 24 daAuts
